AoeStats
← Joey_did_it

Arabian Desert

510240984Analyzed
1v1 RM · 23h ago on Sep 30, 2026· 50m 45s· 2 players
Game mode
Random Map
Map size
Tiny (2 player)
Population
200
Speed
Normal
Resources
Standard
Victory
Conquest
Starting age
Dark Age
Ending age
Imperial Age
RankedLock teamsTeams togetherTeam positionsShared explorationLock speedFull tech treeHidden civsTurbo modeCheats
Victory
Defeat
🇵🇪 Teutons · Peru
545
+18
🇺🇸 Sicilians · United States
580
-31
dneocan
8:32 Loom
10:32 Feudal Age
12:25 Double-Bit Axe
12:39 Horse Collar
16:59 Wheelbarrow
20:39 Castle Age
19:49 Forging
20:10 Man-at-Arms
20:39 Arson
20:58 Town Watch
21:40 Fletching
22:23 Squires
25:42 Bodkin Arrow
26:48 Hand Cart
27:06 Bow Saw
28:14 Scale Mail Armor
29:50 Gold Mining
31:30 Heavy Plow
32:45 Town Patrol
32:49 Elite Skirmisher
32:53 Pikeman
34:44 Stone Mining
37:12 Bloodlines
37:32 Ballistics
37:24 Masonry
38:41 Iron Casting
38:07 Padded Archer Armor
38:14 Scale Barding Armor
41:44 Imperial Age
40:11 Chain Mail Armor
40:26 Masonry
41:20 Stone Shaft Mining
42:25 Leather Archer Armor
44:30 Elite Teutonic Knight
47:04 Chemistry
47:04 Crop Rotation
47:13 Chain Barding Armor
49:42 Heavy Mounted Crossbowman
Joey_did_it
18:59 Feudal Age
21:00 Wheelbarrow
22:00 Man-at-Arms
30:16 Horse Collar
36:16 Castle Age
40:34 Long Swordsman
41:09 Double-Bit Axe
Connection lost

Rejoining the realm…

Still unreachable

The connection could not be restored.

Session expired

The server has moved on; the page needs a fresh start.